 Dungeon Crawl Stone Soup version 0.22-a0-512-g0943f25562 (webtiles) character file.

23946 Delvair the Grappler (level 12, -3/95 HPs)
             Began as a Black Draconian Transmuter on June 17, 2018.
             Was an Elder of Wu Jian.
             Slain by a six-headed hydra (8 damage)
             ... on level 13 of the Dungeon on June 18, 2018.
             The game lasted 03:30:35 (19393 turns).

Delvair the Grappler (Black Draconian Transmuter)  Turns: 19393, Time: 03:30:39

Health: -3/95      AC: 13    Str:  9    XL:     12   Next: 76%
Magic:  29/29      EV: 16    Int: 15    God:    Wu Jian [****..]
Gold:   952        SH:  8    Dex: 13    Spells: 4/22 levels left

rFire    . . .     SeeInvis +   s - +0 scimitar (flame)
rCold    . . .     Gourm    .   (no shield)
rNeg     . . .     Faith    .   (armour unavailable)
rPois    .         Spirit   .   k - +2 hat {SInv}
rElec    +         Reflect  +   (no cloak)
rCorr    .         Harm     .   h - +1 pair of gloves
MR       .....                  N - +0 pair of boots
Stlth    +.........             Q - brooch of Shielding {Reflect SH+8}
HPRegen  0.25/turn              Y - -6 ring of strength (curse)
MPRegen  0.21/turn              U - ring of magical power

@: serpent's lash
A: breathe lightning, unfitting armour, electricity resistance, cold-blooded, AC
+8
a: Breathe Lightning, Wall Jump, Serpent's Lash, Renounce Religion


You were on level 13 of the Dungeon.
You worshipped Wu Jian.
Wu Jian was greatly pleased with you.
You were not hungry.

You visited 2 branches of the dungeon, and saw 14 of its levels.
You also visited: Ossuary.

You collected 952 gold pieces.

Inventory:

Hand Weapons
 s - a +0 scimitar of flaming (weapon)
 y - a cursed -3 war axe
 F - a +3 flail of holy wrath
 J - a +2 whip of electrocution
Missiles
 a - 174 arrows
 p - 15 poisoned needles
 E - 3 throwing nets (quivered)
 I - 2 curare-tipped needles
Armour
 h - a +1 pair of gloves (worn)
 k - a +2 hat of see invisible (worn)
 N - a +0 pair of boots (worn)
 W - a +0 pair of gloves
Magical Staves
 H - an uncursed staff of earth
Jewellery
 b - an uncursed ring of stealth
 e - a +2 ring of dexterity
 M - an uncursed ring of resist corrosion
 Q - the brooch of Shielding (around neck) {Reflect SH+8}
   (You found it on level 8 of the Dungeon)

   [amulet of reflection]

   It shields you and reflects attacks.
   It affects your SH (+8).
 R - a +2 ring of dexterity
 U - a ring of magical power (right hand)
 Y - a cursed -6 ring of strength (left hand)
Wands
 m - a wand of flame (27)
 v - a wand of iceblast (15)
 A - a wand of enslavement (14)
 B - a wand of digging (32)
 P - a wand of random effects (15)
Scrolls
 g - 2 scrolls of fog
 i - 5 scrolls of enchant armour
 j - 7 scrolls of identify
 l - 4 scrolls of amnesia
 t - 3 scrolls of fear
 K - a scroll of teleportation
 X - 2 scrolls of magic mapping
Potions
 d - 4 potions of curing
 f - 2 potions of mutation {unknown}
 n - a potion of heal wounds
 o - 4 potions of invisibility
 q - 3 potions of resistance
 r - a potion of degeneration {unknown}
 u - a potion of cancellation {unknown}
 w - 5 potions of brilliance
 x - 3 potions of ambrosia
 z - 6 potions of haste
 D - a potion of flight {unknown}
 G - a potion of magic {unknown}
 L - a potion of agility {unknown}
 O - 2 potions of lignification {unknown}
 S - a potion of might
 V - a potion of berserk rage
Comestibles
 c - 15 rations
 C - 12 chunks of flesh


   Skills:
 + Level 5.9 Fighting
 + Level 7.6 Dodging
 + Level 14.2 Unarmed Combat
 + Level 5.9 Spellcasting
 * Level 3.7 Conjurations
 - Level 1.0 Charms
 * Level 9.0 Transmutations
 + Level 4.1 Ice Magic
 * Level 3.8 Air Magic
 - Level 3.0 Poison Magic


You had 4 spell levels left.
You knew the following spells:

 Your Spells              Type           Power        Failure   Level  Hunger
a - Beastly Appendage     Tmut           ####..       1%          1    None
b - Blade Hands           Tmut           ####......   10%         5    ######.
c - Spider Form           Tmut/Pois      ###.......   3%          3    ###....
d - Ice Form              Ice/Tmut       ###.....     10%         4    ####...
e - Sticks to Snakes      Tmut           ####....     1%          2    #......
f - Shock                 Conj/Air       ###.         3%          1    None
g - Swiftness             Chrm/Air       ##......     9%          2    #......

Your spell library contained the following spells:

 Spells                   Type           Power        Failure   Level  Hunger
 Lightning Bolt           Conj/Air       ###.......   65%         5    ######.
 Bolt of Draining         Conj/Necr      ##........   88%         5    ######.
 Dispel Undead            Necr           #.......     99%         5    ######.
 Sublimation of Blood     Necr           #.........   22%         2    #......
 Corpse Rot               Necr           N/A          22%         2    #......
 Agony                    Necr           #.......     99%         5    ######.
 Airstrike                Air            ###.......   30%         4    ####...
 Static Discharge         Conj/Air       ###.....     10%         3    ###....
 Excruciating Wounds      Chrm/Necr      #.........   97%         5    ######.


Dungeon Overview and Level Annotations

Branches:
Dungeon (13/15)            Temple (1/1) D:5            Lair (0/6) D:10
    Orc (0/2) D:10
 Vaults: D:13-14

Altars:
Ashenzari
Cheibriados
Dithmenos
Elyvilon
Fedhas
Gozag
Hepliaklqana
Kikubaaqudgha
Makhleb
Nemelex Xobeh
Okawaru
Qazlal
Ru
Sif Muna
Trog
Uskayaw
Vehumet
Wu Jian
Xom
Yredelemnul
Zin
The Shining One

Shops:
D:11 (   D:12 (

Annotations:
D:7 Pikel
D:12 exclusion: 2 oklob plants


Innate Abilities, Weirdness & Mutations

You can breathe wild blasts of lightning.
Your glossy black scales are hard. (AC +8)
You cannot fit into any form of body armour.
You are resistant to electric shocks. (rElec)
You are cold-blooded and may be slowed by cold attacks.


Message History

You barely miss the seven-headed hydra. You tail-slap the seven-headed hydra.
The seven-headed hydra is lightly wounded.
The seven-headed hydra bites you.
You block the seven-headed hydra's attack.
The seven-headed hydra bites you but does no damage.
The seven-headed hydra bites you. x3
The seven-headed hydra closely misses you.
You lop one of the seven-headed hydra's heads off!
The flame cauterises the wound!
You slash the six-headed hydra! You burn the six-headed hydra.
The six-headed hydra is moderately wounded.
The six-headed hydra bites you!
* * * LOW HITPOINT WARNING * * *
You block the six-headed hydra's attack.
The six-headed hydra bites you!
* * * LOW HITPOINT WARNING * * *
The six-headed hydra bites you!
* * * LOW HITPOINT WARNING * * *
The six-headed hydra bites you!
You die...

.....##.# #..........#
........# #.......##.#
........####..........#
...<.........###...)..#
.......)...........##.#
..........#........##.#
............######....#
.....###'####....#....#
.....#.....##...@D.#..#
######.....##....#....#
#.....##....#....#
#.....##....#....#
#.....##....#..#.#
#.....##....#..#.#
######.....##....#..#.#
...........##....#..#.#
...........# #..).#


You could see a six-headed hydra.

Vanquished Creatures
  The ghost of Askman the Cleaver, a novice MiBe of Trog (D:10)
  5 two-headed ogres
  An unseen horror (D:11)
  The ghost of kusayu the Basher, a novice GrFi of Lugonu (D:8)
  A manticore (D:12)
  A cyclops (D:13)
  4 ugly things
  A komodo dragon (D:12)
  The ghost of JUnderhill the Chiller, a novice DsIE of Sif Muna (D:6)
  4 kobold demonologists (D:12)
  An efreet (D:13)
  3 trolls
  Prince Ribbit (D:7)
  2 hippogriffs
  A spriggan (D:7)
  2 wraiths
  21 yaks
  2 vampires
  Grum (D:8)
  Edmund (D:5)
  A soldier ant (D:12)
  3 water moccasins
  6 sky beasts
  4 orc warriors
  Duvessa (D:6)
  4 ice beasts
  A black bear (D:6)
  3 ogres
  5 phantoms
  An eye of draining (D:13)
  6 wolves
  3 centaurs
  4 big kobolds
  3 bullfrogs
  A gnoll sergeant (D:5)
  Dowan (D:6)
  4 scorpions
  4 electric eels (D:10)
  A howler monkey (D:12)
  6 crimson imps
  2 bullfrog zombies
  3 centaur zombies
  2 quasits
  9 hounds
  2 jellies
  9 orc priests
  21 orc wizards
  3 bullfrog skeletons
  6 centaur skeletons
  Ijyb (D:4)
  5 worker ants
  3 iguanas
  2 hound zombies
  A mummy (Ossuary)
  8 gnolls
  12 adders
  4 shadow imps
  2 oozes
  An adder zombie (D:8)
  4 worms
  3 dart slugs
  7 leopard geckos
  94 orcs
  6 bats
  5 giant cockroaches
  8 goblins
  10 hobgoblins
  8 jackals
  4 quokkas
  3 ball pythons
  3 frilled lizards
  4 gnoll skeletons (Ossuary)
  A jackal zombie (D:9)
  13 kobolds
  5 kobold skeletons (Ossuary)
  3 leopard gecko skeletons
  16 orc skeletons (Ossuary)
  5 rats
  A plant (D:7)
416 creatures vanquished.

Vanquished Creatures (collateral kills)
  Gastronok (D:9)
  Urug (D:10)
  A hound (D:10)
  An orc (D:9)
  A hobgoblin (D:2)
  A frilled lizard (D:2)
6 creatures vanquished.

Vanquished Creatures (others)
  A kobold (D:10)
1 creature vanquished.

Grand Total: 423 creatures vanquished

Notes
Turn   | Place    | Note
-------+----------+-------------------------------------------
     0 | D:1      | Delvair the Draconian Transmuter began the quest for the Orb.
     0 | D:1      | Reached XP level 1. HP: 16/16 MP: 3/3
   494 | D:1      | Reached XP level 2. HP: 16/23 MP: 5/5
   507 | D:1      | Learned a level 2 spell: Sticks to Snakes
   750 | D:1      | Reached XP level 3. HP: 17/28 MP: 4/6
  1843 | D:2      | Learned a level 3 spell: Spider Form
  2046 | D:2      | Reached skill level 4 in Unarmed Combat
  2123 | D:2      | Reached XP level 4. HP: 31/36 MP: 5/7
  3086 | D:3      | Reached XP level 5. HP: 38/41 MP: 6/8
  3272 | D:3      | Found a hazy altar of Hepliaklqana.
  3537 | D:3      | Reached skill level 1 in Poison Magic
  3917 | D:4      | Reached XP level 6. HP: 43/50 MP: 9/9
  3950 | D:4      | Learned a level 4 spell: Ice Form
  4006 | D:4      | Reached skill level 5 in Unarmed Combat
  4119 | D:4      | Reached skill level 1 in Ice Magic
  4194 | D:4      | Noticed Ijyb
  4211 | D:4      | Killed Ijyb
  4689 | D:4      | Your scales start taking on a glossy black colour.
  4689 | D:4      | Reached XP level 7. HP: 31/56 MP: 6/11
  4689 | D:4      | Gained mutation: You are resistant to electric shocks. (rElec) [Black Draconian growth]
  4972 | D:5      | Entered Level 5 of the Dungeon
  5098 | D:5      | Found a sand-covered staircase.
  5111 | Ossuary  | Entered an ossuary
  5111 | Ossuary  | Noticed a wraith
  5111 | Ossuary  | Noticed a wraith
  5111 | Ossuary  | Noticed a wraith
  5145 | Ossuary  | Reached skill level 6 in Unarmed Combat
  5473 | Ossuary  | Noticed a wraith
  5514 | Ossuary  | Killed a wraith
  5852 | D:5      | Noticed Edmund
  5871 | D:5      | Killed Edmund
  5980 | D:5      | Reached XP level 8. HP: 49/63 MP: 12/12
  6056 | D:5      | Found a staircase to the Ecumenical Temple.
  6093 | Temple   | Entered the Ecumenical Temple
  6293 | Temple   | Became a worshipper of the Wu Jian Council
  6449 | D:5      | Reached skill level 7 in Unarmed Combat
  7090 | D:5      | Learned a level 5 spell: Blade Hands
  7221 | D:6      | Found a stormy altar of Qazlal.
  7252 | D:6      | Noticed an air elemental
  7506 | D:6      | Reached skill level 8 in Unarmed Combat
  7729 | D:6      | Noticed JUnderhill's ghost (novice DsIE)
  7902 | D:6      | Noticed Duvessa
  7909 | D:6      | Noticed Dowan
  7917 | D:6      | Killed JUnderhill's ghost
  7917 | D:6      | Reached XP level 9. HP: 52/70 MP: 10/14
  7922 | D:6      | Killed Duvessa
  7922 | D:6      | Reached * piety under Wu Jian
  7925 | D:6      | Killed Dowan
  7939 | D:6      | Found a shadowy altar of Dithmenos.
  8257 | D:7      | Noticed Pikel
  8319 | D:7      | Reached skill level 9 in Unarmed Combat
  8319 | D:7      | Reached skill level 5 in Transmutations
  8660 | D:7      | Noticed Prince Ribbit
  8866 | D:7      | Found a sacrificial altar of Ru.
  8901 | D:7      | Killed Prince Ribbit
  9074 | D:7      | Reached skill level 5 in Dodging
  9080 | D:7      | Found an opulent altar of Gozag.
  9323 | D:7      | Found a shattered altar of Ashenzari.
  9327 | D:7      | Found a bloodstained altar of Trog.
  9335 | D:7      | Found a snail-covered altar of Cheibriados.
  9423 | D:7      | Found a radiant altar of Vehumet.
  9727 | D:8      | Noticed a two-headed ogre
  9732 | D:8      | Killed a two-headed ogre
  9732 | D:8      | Reached skill level 10 in Unarmed Combat
  9732 | D:8      | Reached XP level 10. HP: 44/78 MP: 16/16
  9767 | D:8      | Found an iron altar of Okawaru.
  9769 | D:8      | Found the brooch of Shielding {Reflect SH+8}
  9786 | D:8      | Noticed a two-headed ogre
  9815 | D:8      | Killed a two-headed ogre
 10073 | D:8      | Reached ** piety under Wu Jian
 10076 | D:8      | Noticed a hand axe
 10076 | D:8      | Noticed a hand axe
 10149 | D:8      | Found a hide-covered altar of Uskayaw.
 10255 | D:8      | Learned a level 2 spell: Sticks to Snakes
 10336 | D:8      | Noticed a two-headed ogre
 10350 | D:8      | Killed a two-headed ogre
 10501 | D:8      | Found an ancient bone altar of Kikubaaqudgha.
 10504 | D:8      | Noticed Grum
 10516 | D:8      | Reached skill level 11 in Unarmed Combat
 10521 | D:8      | Killed Grum
 10608 | D:8      | Noticed kusayu's ghost (novice GrFi)
 10663 | D:8      | Killed kusayu's ghost
 11541 | D:9      | Noticed Gastronok
 11568 | D:9      | Killed Gastronok
 11568 | D:9      | Reached skill level 5 in Spellcasting
 11568 | D:9      | Reached XP level 11. HP: 48/83 MP: 18/18
 11909 | D:9      | Found a glowing golden altar of the Shining One.
 12033 | D:9      | Reached *** piety under Wu Jian
 12376 | D:9      | Reached skill level 12 in Unarmed Combat
 12827 | D:10     | Entered Level 10 of the Dungeon
 12927 | D:10     | Found a staircase to the Lair.
 14082 | D:10     | Noticed Askman's ghost (novice MiBe)
 14444 | D:10     | Killed Askman's ghost
 14827 | D:10     | Noticed Urug
 14847 | D:10     | Killed Urug
 14910 | D:10     | Reached **** piety under Wu Jian
 15166 | D:10     | Reached skill level 5 in Fighting
 15166 | D:10     | Reached skill level 13 in Unarmed Combat
 15167 | D:10     | Upgraded the game from 0.22-a0-482-g76e0a5f51a to 0.22-a0-512-g0943f25562
 15201 | D:10     | Identified a scroll of acquirement
 15207 | D:10     | Learned a level 1 spell: Shock
 15263 | D:10     | Found a staircase to the Orcish Mines.
 15538 | D:11     | Found Tillef's Weapon Shoppe.
 15647 | D:11     | Noticed a two-headed ogre
 15668 | D:11     | Killed a two-headed ogre
 15668 | D:11     | Reached skill level 1 in Conjurations
 15668 | D:11     | Reached skill level 1 in Air Magic
 15718 | D:11     | Learned a level 2 spell: Swiftness
 15744 | D:11     | Noticed an unseen horror
 15751 | D:11     | Killed an unseen horror
 15759 | D:11     | Noticed a purple ugly thing
 15764 | D:11     | Killed a purple ugly thing
 15764 | D:11     | Reached XP level 12. HP: 66/94 MP: 20/20
 16740 | D:12     | Found Rirphit's Weapon Boutique.
 17290 | D:12     | Found a blossoming altar of Fedhas.
 18107 | D:12     | Reached skill level 14 in Unarmed Combat
 18493 | D:13     | Reached skill level 1 in Charms
 18539 | D:13     | Noticed a two-headed ogre
 18715 | D:13     | Killed a two-headed ogre
 19292 | D:13     | Reached ***** piety under Wu Jian
 19321 | D:13     | Noticed a seven-headed hydra
 19393 | D:13     | Slain by a six-headed hydra

Vault maps used:
D:1:      dpeg_arrival_circle_labyrinth_c, minmay_misc_feat_plants, hex_tiny
D:2:      first_ration
D:3:      lemuel_coloured_pillars_altar
D:4:      grunt_ministairs_10, uniq_ijyb
D:5:      minmay_temple_entry_statues_fountains, nicolae_ossuary_entry_monument,
          corexii_shack, uniq_edmund
D:6:      nicolae_qazlal_style_of_elements, basic_altar, uniq_duvessa
D:7:      marbit_many_paths, nicolae_overflow_hidden_temple, minitemple,
          nicolae_ru_sacrificial_ziggurat, the_bakery, serial_bayou_pond_a,
          uniq_pikel, uniq_prince_ribbit1
D:8:      lemuel_crystal_altar, lemuel_round_altar, dancing_weapons_uskayaw,
          serial_co_window_serial, co_window_paths_a,
          co_window_of_opportunity_a, co_window_paths_b, co_window_corner_a,
          co_window_corner_a, co_window_2corner, co_window_cross_3,
          co_window_broadway_b, co_window_paths_d, glass_columns_b,
          glass_columns_b, uniq_grum
D:9:      tso_oasis_becter, uniq_gastronok
D:10:     erik_lair_island, orc_0_dummy, uniq_urug
D:11:     serial_shops, nicolae_shop_waterfront
D:12:     serial_shops, nicolae_shop_trees, hangedman_tree_tricks
D:13:     tgw_xom
Temple:   dpeg_chambers_temple
Ossuary:  ossuary_due_mausoleum

Skill      XL: |  1  2  3  4  5  6  7  8  9 10 11 12 |
---------------+-------------------------------------+-----
Dodging        | 2 3 5 6 7 |  7.6
Unarmed Combat | 4 5 6 8 10 11 13 14 | 14.2
Fighting       | 2 3 5 |  5.9
Transmutations | 3 4 6 7 8 9 |  9.0
Poison Magic   | 1 2 3 |  3.0
Ice Magic      | 1 2 3 4 |  4.1
Spellcasting   | 3 4 5 |  5.9
Conjurations   | 1 3 |  3.7
Air Magic      | 1 3 |  3.8
Charms         | 1 |  1.0

Action                   |  1- 3 |  4- 6 |  7- 9 | 10-12 || total
-------------------------+-------+-------+-------+-------++-------
Melee: Unarmed           |   109 |   282 |   552 |   847 ||  1790
       Kick              |     6 |    16 |    22 |       ||    44
       Tailslap          |    11 |    20 |    59 |    97 ||   187
       Headbutt          |     4 |    12 |    11 |    25 ||    52
       Punch             |     1 |     2 |    10 |    39 ||    52
       Scimitar          |       |       |       |     2 ||     2
 Cast: Beastly Appendage |    14 |    24 |    15 |    11 ||    64
       Sticks to Snakes  |     2 |     4 |       |    22 ||    28
       Spider Form       |     1 |     7 |     9 |     3 ||    20
       Ice Form          |       |       |       |    10 ||    10
       Shock             |       |       |       |    22 ||    22
       Blade Hands       |       |       |       |     8 ||     8
       Swiftness         |       |       |       |     1 ||     1
Invok: Lunge             |       |       |    21 |    44 ||    65
       Whirlwind         |       |       |     7 |    31 ||    38
       Wall Jump         |       |       |       |    50 ||    50
       Serpent's Lash    |       |       |       |     3 ||     3
 Abil: Breathe Lightning |       |       |     8 |     6 ||    14
Evoke: Wand              |       |       |       |     1 ||     1
  Use: Potion            |       |     2 |     3 |     7 ||    12
       Scroll            |       |     2 |     5 |    18 ||    25
 Stab: Sleeping          |     1 |     2 |     1 |     1 ||     5
       Distracted        |       |       |       |     2 ||     2
  Eat: Chunk             |     1 |     8 |    10 |    14 ||    33
       Ration            |     1 |     1 |     3 |     7 ||    12
Armor: Skin              |    44 |    68 |   102 |   130 ||   344
Dodge: Dodged            |    84 |   183 |   325 |   370 ||   962
Block: Other             |       |       |    65 |   223 ||   288
       Reflection        |       |       |     3 |    11 ||    14

Table legend:
 A = Spawn XP
 B = Non-spawn XP
 C = Spawn XP percentage of total XP
 D = Spawn monster count
 E = Non-spawn monster count
 F = Spawn count percentage of total count
 G = Total turns spent on level
                    A         B        C        D         E        F      G
               +---------+---------+-------+---------+---------+-------+---------
         Total |       0 |   34209 |   0.0 |       0 |     422 |   0.0 | 19393
               +---------+---------+-------+---------+---------+-------+---------
           D:1 |       0 |      56 |   0.0 |       0 |      23 |   0.0 |  1632
           D:2 |       0 |      75 |   0.0 |       0 |      20 |   0.0 |   933
           D:3 |       0 |     192 |   0.0 |       0 |      29 |   0.0 |  1168
           D:4 |       0 |     468 |   0.0 |       0 |      32 |   0.0 |  1239
           D:5 |       0 |     647 |   0.0 |       0 |      20 |   0.0 |  1083
           D:6 |       0 |    1631 |   0.0 |       0 |      37 |   0.0 |  1324
           D:7 |       0 |    1858 |   0.0 |       0 |      31 |   0.0 |  1299
           D:8 |       0 |    4590 |   0.0 |       0 |      29 |   0.0 |  1989
           D:9 |       0 |    3775 |   0.0 |       0 |      47 |   0.0 |  1666
          D:10 |       0 |    5474 |   0.0 |       0 |      45 |   0.0 |  2095
          D:11 |       0 |    3690 |   0.0 |       0 |      27 |   0.0 |  1506
          D:12 |       0 |    6896 |   0.0 |       0 |      32 |   0.0 |  1532
          D:13 |       0 |    4600 |   0.0 |       0 |      23 |   0.0 |   947
       Ossuary |       0 |     257 |   0.0 |       0 |      27 |   0.0 |   679
               +---------+---------+-------+---------+---------+-------+---------
